 Dungeon Crawl Stone Soup version 0.27.1-35-g4d5d836560 (webtiles) character file.

Game seed: 11049793743492720617

13456 Lorrdernie the Summoner (level 11, -4/40 HPs)
             Began as a Felid Summoner on Jan 2, 2023.
             Was an Initiate of Gozag.
             Killed by divine providence
             ... invoked by a meliai
              (10 damage)
             ... on level 4 of the Lair of Beasts.
             The game lasted 00:56:07 (21219 turns).

Lorrdernie the Summoner (Felid Summoner)           Turns: 21219, Time: 00:56:07

Health: -4/40      AC:  6    Str:  4    XL:     11   Next: 75%
Magic:  1/21       EV: 25    Int: 20    God:    Gozag
Gold:   549        SH:  0    Dex: 24    Spells: 3/22 levels left
                                        Lives:  0   Deaths: 3

rFire    . . .     SeeInvis +   (weapon unavailable)
rCold    . . .     Faith    .   (shield unavailable)
rNeg     . . .     Spirit   .   (armour unavailable)
rPois    .         Reflect  .   (helmet unavailable)
rElec    +         Harm     .   (cloak unavailable)
rCorr    .         Rampage  .   (gloves unavailable)
Will     +....                  (boots unavailable)
Stlth    +++.......             (no amulet)
HPRegen  0.13/turn              s - ring of wizardry
MPRegen  0.17/turn              y - ring of Fuulukin {rElec AC+4 Dex+7 Slay-2}

@: forested, quick
A: very small, claws 1, fangs 3, see invisible, speed 1, shaggy fur 2, stealthy
paws, no weapons or thrown items, no armour, multi-lived
a: Renounce Religion, Potion Petition, Call Merchant, Bribe Branch


You were on level 4 of the Lair of Beasts.
You worshipped Gozag.
Gozag was pleased with you.
You visited 3 branches of the dungeon, and saw 16 of its levels.

You collected 2357 gold pieces.
You spent 432 gold pieces at shops.
You paid 1376 gold pieces to Gozag.

Inventory:

Jewellery
 c - a ring of protection from cold
 s - a ring of wizardry (left paw)
 w - a ring of protection from fire
 x - a +4 ring of evasion
 y - the ring of Fuulukin (right paw) {rElec AC+4 Dex+7 Slay-2}
   (You found it on level 3 of the Lair of Beasts)

   [ring of protection]

   AC:        It affects your AC (+4).
   Dex:       It affects your dexterity (+7).
   Slay:      It affects your accuracy & damage with ranged weapons and melee
   (-2).
   rElec:     It insulates you from electricity.
Wands
 k - a wand of iceblast (17)
 m - a wand of flame (32)
 r - a wand of paralysis (9)
Scrolls
 h - 2 scrolls of teleportation
 i - a scroll of holy word
 n - 7 scrolls of fog
 o - 2 scrolls of blinking
 p - 2 scrolls of amnesia
 q - a scroll of silence
 t - 2 scrolls of magic mapping
 u - 2 scrolls of immolation
 z - a scroll of identify
Potions
 a - 4 potions of heal wounds
 b - a potion of haste
 d - 9 potions of curing
 e - 3 potions of flight
 f - 4 potions of cancellation
 g - 2 potions of brilliance
 j - 2 potions of resistance
 l - 2 potions of lignification
 v - a potion of attraction
 A - 2 potions of ambrosia


   Skills:
 - Level 8.0 Dodging
 - Level 4.0 Stealth
 * Level 6.3 Spellcasting
 - Level 4.0 Hexes
 + Level 12.0 Summonings
 + Level 2.1 Translocations
 - Level 7.0 Transmutations
 - Level 11.9 Air Magic


You had 3 spell levels left.
You knew the following spells:

 Your Spells              Type           Power      Damage    Failure   Level
a - Blink                 Tloc           N/A        N/A       2%          2
b - Call Imp              Summ           53%        N/A       1%          2
c - Call Canine Familiar  Summ           53%        N/A       1%          3
d - Summon Guardian Gole  Hex/Summ       38%        N/A       1%          3
e - Summon Lightning Spi  Summ/Air       53%        N/A       1%          4
f - Summon Forest         Summ/Tloc      17%        N/A       6%          5

Your spell library contained the following spells:

 Spells                   Type           Power      Damage    Failure   Level
 Summon Small Mammal      Summ           100%       N/A       1%          1
 Passwall                 Tmut/Erth      16%        N/A       1%          2
 Mephitic Cloud           Conj/Pois/Air  22%        N/A       2%          3
 Magic Dart               Conj           24%        1d4       4%          1
 Sandblast                Erth           12%        2d6       4%          1
 Dazzling Flash           Conj/Hex       28%        N/A       6%          3
 Frozen Ramparts          Ice            12%        1d3       12%         3
 Stone Arrow              Conj/Erth      12%        3d7       12%         3
 Airstrike                Air            26%        N/A       1%          4
 Summon Ice Beast         Ice/Summ       30%        N/A       3%          4
 Silence                  Hex/Air        19%        N/A       4%          5
 Summon Mana Viper        Hex/Summ       38%        N/A       4%          5
 Shadow Creatures         Summ           N/A        N/A       4%          6
 Blade Hands              Tmut           17%        N/A       6%          5
 Ice Form                 Ice/Tmut       20%        N/A       10%         4
 Lightning Bolt           Conj/Air       15%        1d29      10%         5
 Manifold Assault         Tloc           14%        N/A       41%         5
 Storm Form               Tmut/Air       22%        N/A       54%         7
 Agony                    Necr           6%         N/A       71%         5
 Bolt of Magma            Conj/Fire/Erth 3%         4d5       71%         5
 Lee's Rapid Deconstruct  Erth           3%         3d6*      71%         5
 Shatter                  Erth           3%         3d7*      100%        9
 Portal Projectile        Hex/Tloc       Unusable   N/A       N/A         3
 Excruciating Wounds      Necr           Unusable   N/A       N/A         5

Dungeon Overview and Level Annotations

Branches:
Dungeon (11/15)            Temple (1/1) D:7            Lair (4/6) D:11
  Swamp (0/4) Lair:2       Spider (0/4) Lair:3
    Orc: D:9-12

Altars:
Ashenzari
Cheibriados
Dithmenos
Elyvilon
Fedhas
Gozag
Hepliaklqana
Kikubaaqudgha
Makhleb
Nemelex Xobeh
Okawaru
Qazlal
Ru
Sif Muna
Trog
Uskayaw
Vehumet
Wu Jian
Xom
Yredelemnul
Zin
The Shining One

Shops:
D:4 !   D:10 =   D:11 :   Lair:3 :

Annotations:
D:9 3 runed translucent doors, AverageBear's ghost, novice DDFi; Lutefisk's ghost, journeyman HOFE; boopmooplesden's ghost, novice MiFi; grimtooth's ghost, novice DDNe; hikkokomori's ghost, novice OgBe
Lair:1 exclusion: 2 oklob plants


Innate Abilities, Weirdness & Mutations

You have sharp claws.
You have razor-sharp teeth.
You have supernaturally acute eyesight. (SInv)
You cover ground quickly. (Speed+)
You are covered in thick fur. (AC +2)
Your paws help you pounce on unaware monsters.
You are incapable of wielding weapons or throwing items.
You cannot wear armour.
You gain extra lives every three experience levels.


Message History

The bolt of electricity hits the meliai!
The meliai dies!
Unknown command.
Tree limbs sway around you.
The fungus is hit by a branch!
The killer bee is distracted by your dazzling golden aura.
A root smacks the fungus from below!
A nearby fungus withers and dies.
Items here: ! $ ) [.
Found 14 stones.
Your magical contamination has completely faded away.
The forest calms down.
You start resting.
Your lightning spire disappears in a puff of smoke!
A meliai comes into view. It is wielding a +0 war axe of flaming.
A meliai opens the door.
Casting: Summon Forest (quite dangerous; 6% risk of failure)
Confirm with . or Enter, or press ? or * to list all spells.
A guardian golem appears, shielding your allies.
Space becomes stable.
Your dryad disappears in a puff of smoke!
Unknown command.
Casting: Summon Guardian Golem (safe; 1% risk of failure)
Confirm with . or Enter, or press ? or * to list all spells.
An electric hum fills the air.
The meliai invokes the aid of its god against you.
Something smites you!
Unknown command.
Casting: Summon Lightning Spire (safe; 1% risk of failure)
Confirm with . or Enter, or press ? or * to list all spells.
The spell is quite dangerous to cast (6% risk of failure)!
Continue anyway?
A forested plane collides here with a resounding crunch!
Your dryad calls out to the forest.
The forest starts to sway and rumble!
The meliai invokes the aid of its god against you.
Something smites you!
* * * LOW HITPOINT WARNING * * *
The meliai mumbles some strange prayers to its god against you.
Something smites you!
You die...
Your body crumbles into a pile of gold.

#........##.###....##.#.
#........P####....##....
#.##P#.+### ##.)....###
###♣#♣.. #........#
.#..# ##....+### ..#♣#
##.....# ♣♣♣#+...#
#♣.'#.#### #.....R8#
#........# #.....@.##
#........# #..♣.8y..#
#........# ##.≈≈≈≈..P♣
♣#.......## #.(≈≈≈≈..##
#........P#
#..≈≈≈≈...#♣♣....[....#
♣#...≈≈....$.'....♣...#
#...........#..........
#........'..##.y......
##......).###.♣.......


You could see a meliai (ally target), a friendly dryad (summoned, sheltered), a
friendly guardian golem (summoned) and a friendly lightning spire (summoned,
sheltered).

Vanquished Creatures
  An orc (D:3)
  3 bats
  A goblin (D:4)
  2 jackals (D:1)
  A rat (D:1)
8 creatures vanquished.

Vanquished Creatures (collateral kills)
  2 hydras (Lair:3)
  An ogre mage (D:10)
  A centaur warrior (D:9)
  4 two-headed ogres
  A bog body (Lair:2)
  A lindwurm (Lair:1)
  A deep elf pyromancer (D:8)
  4 elephants (Lair:3)
  An unseen horror (D:11)
  3 komodo dragons
  A rime drake (Lair:3)
  3 cane toads
  A troll (D:11)
  6 jumping spiders (Lair:3)
  2 meliai (Lair:4)
  2 polar bears (Lair:1)
  7 blink frogs
  2 redbacks (Lair:3)
  Sigmund (D:4)
  A wyvern (Lair:2)
  Eustachio (D:4)
  15 yaks
  2 steam dragons
  2 vampire mosquitoes (D:8)
  Edmund (D:6)
  8 water moccasins
  2 orc warriors
  A hornet zombie (D:7)
  3 black bears
  An ice beast (D:7)
  2 sky beasts
  A necrophage (D:4)
  An ogre (D:10)
  3 wolves (Lair:3)
  2 centaurs (D:6)
  A kobold brigand (D:8)
  6 bullfrogs
  2 scorpions
  2 water moccasin skeletons
  5 wights
  A howler monkey (D:8)
  2 centaur zombies
  A bullfrog zombie (D:5)
  2 jellies
  4 hounds
  A bullfrog skeleton (D:6)
  3 centaur skeletons
  7 orc priests
  Ijyb (D:4)
  3 iguanas
  5 orc wizards
  A hound zombie (D:5)
  A howler monkey skeleton (D:5)
  6 adders
  20 gnolls
  A shadow imp (D:7)
  2 white imps
  2 worms
  3 dart slugs
  34 orcs
  7 ball pythons
  5 endoplasms
  3 giant cockroaches
  6 goblins
  11 hobgoblins
  7 jackals
  A quokka (D:4)
  4 bats
  4 frilled lizards
  5 kobolds
  4 rats
263 creatures vanquished.

Vanquished Creatures (others)
  Harold (D:9)
  4 two-headed ogres (D:10)
  3 skeletal warriors (D:10)
  2 elephants (Lair:3)
  A cane toad (Lair:1)
  A komodo dragon (Lair:1)
  Prince Ribbit (D:5)
  A redback (Lair:3)
  A wraith (D:10)
  19 yaks
  A vampire mosquito (D:8)
  An ogre (D:10)
  3 wolves (Lair:3)
  2 gnoll sergeants
  4 wights (D:8)
  A howler monkey zombie (D:9)
  3 gnolls (D:7)
  28 fungi
  41 plants
  9 withered plants (D:5)
127 creatures vanquished.

Grand Total: 398 creatures vanquished

Notes
Turn   | Place    | Note
-------+----------+-------------------------------------------
     0 | D:1      | Lorrdernie the Felid Summoner began the quest for the Orb.
     0 | D:1      | Reached XP level 1. HP: 7/7 MP: 4/4
   467 | D:1      | Reached XP level 2. HP: 11/11 MP: 3/6
   662 | D:1      | Learned a level 2 spell: Call Imp
  1432 | D:2      | Found a faded altar of an unknown god.
  1688 | D:2      | Reached XP level 3. HP: 14/14 MP: 0/7
  1692 | D:2      | Learned a level 3 spell: Call Canine Familiar
  1958 | D:2      | You fall into a shaft and drop 1 floor!
  1958 | D:3      | Found an iron altar of Okawaru.
  1985 | D:3      | Noticed a black bear
  1992 | D:3      | Killed a black bear
  1993 | D:3      | Reached skill level 5 in Summonings
  1993 | D:3      | Reached XP level 4. HP: 18/18 MP: 4/9
  1997 | D:3      | Learned a level 3 spell: Summon Guardian Golem
  2288 | D:2      | Reached skill level 1 in Hexes
  2351 | D:2      | Reached XP level 5. HP: 21/21 MP: 8/10
  3246 | D:3      | Found a hide-covered altar of Uskayaw.
  3375 | D:4      | Noticed a black bear
  3388 | D:4      | Killed a black bear
  3481 | D:4      | Reached skill level 6 in Summonings
  3618 | D:4      | Noticed Ijyb
  3631 | D:4      | Killed Ijyb
  3801 | D:4      | Gained mutation: You are covered in thick fur. (AC +2)
                  | [Felid growth]
  3801 | D:4      | Reached XP level 6. HP: 24/24 MP: 6/12
  4311 | D:4      | Noticed Eustachio
  4334 | D:4      | Killed Eustachio
  4340 | D:4      | Learned a level 4 spell: Summon Lightning Spire
  4448 | D:4      | Reached XP level 7. HP: 18/27 MP: 4/14
  4615 | D:4      | Found Zosiz's Distillery.
  4621 | D:4      | Bought a potion of lignification for 42 gold pieces
  4955 | D:4      | Noticed Sigmund
  4974 | D:4      | Killed Sigmund
  5301 | D:5      | Entered Level 5 of the Dungeon
  5540 | D:5      | Noticed Prince Ribbit
  5894 | D:5      | Killed Prince Ribbit
  5895 | D:5      | Reached skill level 7 in Summonings
  5895 | D:5      | Reached skill level 1 in Air Magic
  6400 | D:5      | Found an ancient bone altar of Kikubaaqudgha.
  6960 | D:6      | Reached XP level 8. HP: 31/31 MP: 12/15
  7009 | D:6      | Noticed Edmund
  7159 | D:6      | Killed Edmund
  7494 | D:6      | Shot with an arrow by a centaur
  7495 | D:6      | Reached XP level 7. HP: -1/27 MP: 14/14
  7630 | D:6      | Reached skill level 8 in Summonings
  9344 | D:7      | Reached XP level 8. HP: 10/31 MP: 4/15
  9728 | D:7      | Found a glowing silver altar of Zin.
  9728 | D:7      | Found a bloodstained altar of Trog.
  9730 | D:7      | Found an ornate altar of the Wu Jian Council.
 10007 | D:7      | Killed from afar by a steam dragon
 10008 | D:7      | Reached XP level 7. HP: -4/27 MP: 3/14
 10020 | D:7      | Killed a steam dragon
 10021 | D:7      | Reached skill level 9 in Summonings
 10350 | D:7      | Found a staircase to the Ecumenical Temple.
 10367 | Temple   | Entered the Ecumenical Temple
 10458 | Temple   | Became a worshipper of Gozag Ym Sagoz the Greedy
 10567 | D:8      | Noticed a vampire mosquito
 10586 | D:8      | Noticed a vampire mosquito
 10586 | D:8      | Noticed a vampire mosquito
 10595 | D:8      | Killed a vampire mosquito
 10596 | D:8      | Reached skill level 5 in Air Magic
 10624 | D:8      | Killed a vampire mosquito
 10629 | D:8      | Killed a vampire mosquito
 10630 | D:8      | Reached XP level 8. HP: 31/31 MP: 4/15
 10941 | D:8      | Noticed a deep elf pyromancer
 11064 | D:8      | Killed a deep elf pyromancer
 11208 | D:8      | Reached skill level 10 in Summonings
 11797 | D:8      | Reached XP level 9. HP: 34/34 MP: 10/16
 11805 | D:8      | Reached skill level 5 in Dodging
 12048 | D:9      | Found a runed translucent gate.
 12048 | D:9      | Noticed hikkokomori's ghost (novice OgBe)
 12049 | D:9      | Found a runed translucent gate.
 12049 | D:9      | Found a runed translucent gate.
 12050 | D:9      | Noticed Lutefisk's ghost (journeyman HOFE)
 12051 | D:9      | Noticed grimtooth's ghost (novice DDNe)
 12051 | D:9      | Noticed boopmooplesden's ghost (novice MiFi)
 12052 | D:9      | Noticed AverageBear's ghost (novice DDFi)
 12111 | D:9      | Noticed a centaur warrior
 12123 | D:9      | Killed a centaur warrior
 12261 | D:9      | Noticed Harold
 12273 | D:9      | Killed Harold
 12398 | D:9      | Reached XP level 10. HP: 37/37 MP: 15/17
 12893 | D:10     | Entered Level 10 of the Dungeon
 12942 | D:10     | Noticed a two-headed ogre
 12943 | D:10     | Noticed a two-headed ogre
 12943 | D:10     | Noticed a two-headed ogre
 12962 | D:10     | Killed a two-headed ogre
 12984 | D:10     | Killed a two-headed ogre
 12985 | D:10     | Reached skill level 11 in Summonings
 13016 | D:10     | Noticed an ogre mage
 13182 | D:10     | Noticed a two-headed ogre
 13183 | D:10     | Killed a two-headed ogre
 13189 | D:10     | Noticed a skeletal warrior
 13211 | D:10     | Killed a skeletal warrior
 13240 | D:10     | Killed a two-headed ogre
 13444 | D:10     | Noticed a two-headed ogre
 13475 | D:10     | Noticed a skeletal warrior
 13486 | D:10     | Noticed a skeletal warrior
 13491 | D:10     | Killed a skeletal warrior
 13492 | D:10     | Reached skill level 10 in Air Magic
 13492 | D:10     | Reached XP level 11. HP: 28/40 MP: 10/18
 13503 | D:10     | Found a blossoming altar of Fedhas.
 13737 | D:10     | Killed a skeletal warrior
 13743 | D:10     | Killed a two-headed ogre
 13928 | D:10     | Found a white marble altar of Elyvilon.
 13941 | D:10     | Noticed a two-headed ogre
 13953 | D:10     | Killed a two-headed ogre
 14193 | D:10     | Killed an ogre mage
 14194 | D:10     | Reached skill level 1 in Transmutations
 14553 | D:10     | Bought a ring of wizardry for 390 gold pieces
 14651 | D:11     | Found Luchu's Book Emporium.
 14798 | D:11     | Found the +27 Lear's hauberk
 14897 | D:11     | Noticed a two-headed ogre
 14907 | D:11     | Killed a two-headed ogre
 14962 | D:11     | Found a staircase to the Lair.
 15155 | D:11     | Reached skill level 12 in Summonings
 15232 | D:11     | Noticed a two-headed ogre
 15239 | D:11     | Killed a two-headed ogre
 15616 | Lair:1   | Entered Level 1 of the Lair of Beasts
 15925 | Lair:1   | Noticed an oklob plant
 15925 | Lair:1   | Noticed an oklob plant
 16414 | Lair:1   | Learned a level 2 spell: Blink
 16482 | Lair:1   | Killed by an exploding themself... ignited by their inner
                  | flame
 16483 | Lair:1   | Reached XP level 10. HP: -4/37 MP: 14/17
 16724 | Lair:1   | Noticed a cane toad
 16736 | Lair:1   | Killed a cane toad
 16875 | Lair:1   | Noticed a lindwurm
 16881 | Lair:1   | Killed a lindwurm
 17572 | Lair:2   | Noticed a bog body
 17581 | Lair:2   | Killed a bog body
 17582 | Lair:2   | Reached skill level 5 in Transmutations
 17603 | Lair:2   | Found a staircase to the Swamp.
 17945 | Lair:2   | Reached XP level 11. HP: 40/40 MP: 6/19
 18695 | Lair:3   | Reached skill level 5 in Spellcasting
 19047 | Lair:3   | Noticed a six-headed hydra
 19070 | Lair:3   | Killed a six-headed hydra
 19293 | Lair:3   | Noticed a four-headed hydra
 19374 | Lair:3   | Killed a four-headed hydra
 19622 | Lair:3   | Found a hole to the Spider Nest.
 19984 | Lair:3   | Learned a level 7 spell: Storm Form
 20443 | Lair:3   | Learned a level 5 spell: Summon Forest
 20447 | Lair:3   | Identified the ring of Fuulukin {rElec AC+4 Dex+7 Slay-2}
 20664 | Lair:3   | Reached skill level 1 in Translocations
 21219 | Lair:4   | Killed from afar by a meliai

Illustrated notes

Levels and vault maps discovered:
D:1:      lightli_arrival_statuegarden, layout_rooms, minmay_three_crescents
D:2:      cheibrodos_helix_gallery, layout_loops_ring,
          hellmonk_ecumenical_altar_lost_god, serial_rivers,
          chequers_serial_rivers_micro_b, chequers_serial_rivers_small_a,
          chequers_serial_rivers_room_b, chequers_serial_rivers_small_b,
          minmay_tromino_v4_b
D:3:      layout_basic, mainiacjoe_overflow_cross_hatched, lemuel_tele_altar
D:4:      layout_cave_pools, serial_shops, kennysheep_little_box, serial_forest,
          infiniplex_forest_lined_1, infiniplex_forest_lined_2,
          infiniplex_forest_lined_room_3, infiniplex_forest_diagonal,
          infiniplex_forest_corner_1, infiniplex_forest_straight_3,
          infiniplex_forest_end_2, infiniplex_forest_straight_3,
          grunt_ministairs_8, nrook_campfire, sigmund_army, uniq_sigmund,
          uniq_eustachio, uniq_ijyb
D:5:      layout_cave_pools, kiku_gazebo_garden_becter, uniq_prince_ribbit1
D:6:      layout_basic, grunt_ministairs_6, minmay_strange_pillars, uniq_edmund
D:7:      layout_rooms, gammafunk_temple_overflow_claw, temple_hall,
          st_stairs_10, grunt_ministairs_9
D:8:      layout_loops_corners, minmay_fractal_squares_diagonal_5
D:9:      layout_basic, gammafunk_ghost_cemetery, uniq_harold
D:10:     layout_rooms, old_standard_altar, elyvilon_altar_3,
          serial_corexii_hall, corexii_hall_statues_i, corexii_hall_statues_s,
          minmay_misc_feat_nine_boxes
D:11:     layout_stronghold, lair_entry_dummy, serial_shops,
          nicolae_shop_temple_entry_statues_fountains
Temple:   nicolae_temple_great_sept
Lair:1:   wander_river, layout_cave_pods, serial_rivers,
          chequers_serial_rivers_micro_a, chequers_serial_rivers_large_a,
          chequers_serial_rivers_micro_e, chequers_serial_rivers_micro_d,
          chequers_serial_rivers_micro_a, minmay_lair_oklob_chamber,
          lemuel_fruit_tree
Lair:2:   layout_regular_city, skrybe_swamp_entry_bodies
Lair:3:   layout_regular_city, nicolae_spider_entry_tight_spaces
Lair:4:   layout_roguey [special_room_bee], beast_lair_carwin_11

Skill      XL: |  1  2  3  4  5  6  7  8  9 10 11 |
---------------+----------------------------------+-----
Spellcasting   | 3 4 6 |  6.3
Summonings     | 5 6 9 10 11 12 | 12.0
Hexes          | 1 2 3 4 |  4.0
Stealth        | 3 4 |  4.0
Dodging        | 3 4 6 8 |  8.0
Air Magic      | 5 6 8 10 11 | 11.9
Transmutations | 5 7 |  7.0
Translocations | 2 |  2.1

Action                   |  1- 3 |  4- 6 |  7- 9 | 10-12 || total
-------------------------+-------+-------+-------+-------++-------
Melee: Unarmed           |    28 |    21 |    17 |       ||    66
       Bite              |     2 |     2 |       |       ||     4
 Cast: Summon Small Mamm |    33 |     1 |       |       ||    34
       Call Imp          |    30 |    48 |    72 |    15 ||   165
       Call Canine Famil |       |    16 |    50 |    49 ||   115
       Summon Lightning  |       |       |    20 |    53 ||    73
       Summon Guardian G |       |       |    24 |    66 ||    90
       Summon Forest     |       |       |       |     5 ||     5
Invok: Call Merchant     |       |       |       |     2 ||     2
  Use: Scroll            |       |     2 |    13 |     9 ||    24
       Potion            |       |     1 |     2 |     1 ||     4
Armor: Skin              |     1 |     2 |     5 |     3 ||    11
Dodge: Dodged            |    37 |    47 |    57 |    71 ||   212
